 Dungeon Crawl Stone Soup version 0.30.0-16-gbe6223bb7e (webtiles) character file.

Game seed: 16911891657358609381

80 monsoonserge the Ducker (level 4, -4/28 HPs)
             Began as a Deep Elf Monk on May 21, 2023.
             Slain by a gnoll
             ... wielding a +0 spear
              (5 damage)
             ... on level 2 of the Dungeon.
             The game lasted 00:03:52 (1343 turns).

monsoonserge the Ducker (Deep Elf Monk)             Turns: 1343, Time: 00:03:53

Health: -4/28      AC:  6    Str:  8    XL:     4   Next: 18%
Magic:  6/6        EV: 12    Int: 20    God:
Gold:   58         SH:  0    Dex: 19    Spells: 3/3 levels left

rFire   + . .        p - +2 sling "Leviticus" {heavy, Int+5}
rCold   . . .        d - orb {light}
rNeg    . . .        g - +0 ring mail
rPois   .            (no helmet)
rElec   .            e - +0 cloak
rCorr   .            (no gloves)
SInv    .            (no boots)
Will    .....        (no amulet)
Stlth   +            o - ring of protection from fire
HPRegen 0.24/turn    (no ring)
MPRegen 0.10/turn

%: no passive effects
@: glowing
A: no striking features
a: no special abilities


You were on level 2 of the Dungeon.
You visited 1 branch of the dungeon, and saw 2 of its levels.

You collected 58 gold pieces.

Inventory:

Hand Weapons
 a - a +0 short sword
 p - the +2 sling "Leviticus" (weapon) {heavy, Int+5}
   (You found it on level 2 of the Dungeon)

   Int:       It affects your intelligence (+5).
Armour
 b - a +0 robe
 d - an orb of light (worn)
 e - a +0 cloak (worn)
 g - a +0 ring mail (worn)
Jewellery
 o - a ring of protection from fire (left hand)
Scrolls
 f - a scroll of poison {unknown}
 h - 4 scrolls of identify {unknown}
 i - a scroll of vulnerability {unknown}
 j - a scroll of fog {unknown}
 k - a scroll of amnesia {unknown}
 m - 3 scrolls of teleportation {unknown}
Potions
 c - a potion of ambrosia
 l - 2 potions of flight {unknown}
 n - a potion of curing {unknown}


   Skills:
 + Level 3.0 Fighting
 + Level 3.4 Short Blades
 + Level 0.7 Ranged Weapons
 * Level 1.5 Armour
 + Level 4.3 Dodging


You had 3 spell levels left.
You didn't know any spells.
Your spell library was empty.

Dungeon Overview and Level Annotations

Branches:
Dungeon (2/15)

Altars:

Shops:
D:1 ?


Message History

The gnoll is severely wounded.
The gnoll hits you but does no damage.
The gnoll hits you with a +0 whip of venom.
You are poisoned.
Fire: p) +2 sling "Leviticus" {heavy, Int+5}
Press: ? - help, Q - select action Shift-Dir - straight line, f/p - gnoll
Aim: a gnoll, wielding a +0 spear (haloed, 83% to hit)
You shoot a sling bullet. The sling bullet hits the gnoll.
You kill the gnoll!
You feel very sick.
The gnoll hits you from afar with a +0 spear.
The gnoll misses you.
Fire: p) +2 sling "Leviticus" {heavy, Int+5}
Press: ? - help, Q - select action Shift-Dir - straight line, f - endoplasm, p - gnoll
Aim: an endoplasm (haloed, 97% to hit)
You shoot a sling bullet.
The sling bullet hits the gnoll but does no damage.
You feel sick.
The gnoll hits you from afar with a +0 spear.
The gnoll misses you.
The gnoll hits you from afar with a +0 spear.
Fire: p) +2 sling "Leviticus" {heavy, Int+5}
Press: ? - help, Q - select action Shift-Dir - straight line, f/p - endoplasm
Aim: an endoplasm (haloed, 97% to hit)
You shoot a sling bullet.
The sling bullet hits the gnoll but does no damage.
You feel sick. The gnoll closely misses you.
The gnoll hits you from afar with a +0 spear.
* * * LOW HITPOINT WARNING * * *
Fire: p) +2 sling "Leviticus" {heavy, Int+5}
Press: ? - help, Q - select action Shift-Dir - straight line, f - gnoll, p - endoplasm
Aim: a gnoll, wielding a +0 spear (haloed, 83% to hit)
You shoot a sling bullet. The sling bullet hits the gnoll.
The gnoll is lightly wounded.
You feel sick.
You are no longer poisoned.
The gnoll hits you from afar with a +0 spear.
* * * LOW HITPOINT WARNING * * *
The gnoll hits you from afar with a +0 spear.
You die...

#..<.............#
#..#######..####.# #..#
#####..####.#
######..###........##.#
#...........###..#....#
..##.....####
#.......## ##...##
#........#
##..#######.........
#.@................
#)########......... #g
##...)...# .J ##.....##
... ###...## ..).
##.##.## .....
####...#.#### +.....
+............
####...#.####


You could see a gnoll and an endoplasm.

Vanquished Creatures
  5 gnolls (D:2)
  A worm (D:2)
  2 endoplasms (D:1)
  A giant cockroach (D:1)
  3 goblins
  4 hobgoblins
  3 kobolds (D:1)
  2 quokkas
  2 ball pythons (D:1)
  3 bats (D:1)
  A frilled lizard (D:2)
  4 rats
31 creatures vanquished.

Notes
Turn   | Place    | Note
-------+----------+-------------------------------------------
     0 | D:1      | monsoonserge the Deep Elf Monk began the quest for the Orb.
     0 | D:1      | Reached XP level 1. HP: 13/13 MP: 3/3
   274 | D:1      | Reached skill level 4 in Dodging
   301 | D:1      | Reached XP level 2. HP: 18/18 MP: 4/4
   483 | D:1      | Found Ibiv's Magic Scroll Shoppe.
  1114 | D:2      | Identified the +2 sling "Leviticus" {heavy, Int+5}
  1148 | D:2      | Reached XP level 3. HP: 22/22 MP: 5/5
  1208 | D:2      | Reached skill level 1 in Armour
  1339 | D:2      | Reached XP level 4. HP: 28/28 MP: 6/6
  1343 | D:2      | HP: 1/28 [gnoll/+0 spear (5)]
  1343 | D:2      | Slain by a gnoll

Illustrated notes

Levels and vault maps discovered:
D:1:      sevenhm_arrival_forest_fort_large_4, layout_loops_ring, serial_shops,
          shop
D:2:      layout_loops_corners, minmay_cupped

Skill      XL: |  1  2  3 |
---------------+----------+-----
Dodging        | 4 |  4.3
Armour         | 1 |  1.5
Fighting       | 3 |  3.0
Short Blades   | |  3.4
Ranged Weapons | |  0.7

Action                     |  1- 3 |  4- 6 || total
---------------------------+-------+-------++-------
  Melee: Short sword       |    88 |       ||    88
   Fire: Sling             |    18 |     5 ||    23
  Throw: Boomerang         |     3 |       ||     3
 Armour: Ring mail         |    35 |     1 ||    36
  Dodge: Dodged            |    36 |     3 ||    39
